 Dungeon Crawl Stone Soup version 0.32-a0-871-ge202e49faa (webtiles) character file.

Game seed: 8290209921741120498

16900 snetch the Cleaver (level 12, -7/108 HPs)
             Began as a Minotaur Berserker on Mar 26, 2024.
             Was an Elder of Trog.
             Killed from afar by a hell hound (12 damage)
             ... with a blast of flame
             ... led by Azrael
             ... on level 12 of the Dungeon on Mar 29, 2024.
             The game lasted 00:40:13 (11697 turns).

snetch the Cleaver (Minotaur Berserker)            Turns: 11697, Time: 00:40:14

Health: -7/108     AC: 13    Str: 28    XL:     12   Next: 14%
Magic:  11/11      EV: 11    Int:  4    God:    Trog [****..]
Gold:   606        SH: 10    Dex:  9    Spells: 11/11 levels left

rFire   . . .        a - +4 broad axe
rCold   . . .        m - +0 buckler
rNeg    . . .        M - +0 swamp dragon scales
rPois   +            (helmet restricted)
rElec   .            L - +1 cloak of Boro {Will+ SInv}
rCorr   +            F - +0 pair of gloves
SInv    +            (no boots)
Will    +++..        I - amulet of reflection
Stlth   +            z - ring of resist corrosion
HPRegen 1.38/turn    (no ring)
MPRegen 0.12/turn

%: reflection
@: strong-willed, regenerating
A: horns 2, retaliatory headbutt
a: Renounce Religion, Berserk, Trog's Hand, Brothers in Arms


You were on level 12 of the Dungeon.
You worshipped Trog.
Trog was greatly pleased with you.
You visited 2 branches of the dungeon, and saw 13 of its levels.

You collected 765 gold pieces.
You spent 159 gold pieces at shops.

Inventory:

Hand Weapons
 a - a +4 broad axe (weapon)
 b - a +2 trident of draining
 c - a +1 whip of electrocution
 d - a +1 long sword of flaming
 l - a +2 morningstar of flaming
Missiles
 p - 14 poisoned darts (quivered)
 q - 66 stones
 r - 16 boomerangs
 T - 3 atropa-tipped darts
Armour
 m - a +0 buckler (worn)
 v - a scarf of harm
 F - a +0 pair of gloves (worn)
 L - the +1 cloak of Boro (worn) {Will+ SInv}
   (You found it on level 7 of the Dungeon)

   Will+:     It increases your willpower.
   SInv:      It lets you see invisible.
 M - +0 swamp dragon scales (worn)
 R - a +0 plate armour
Jewellery
 z - a ring of resist corrosion (left hand)
 A - a ring of ice
 I - an amulet of reflection (around neck)
 N - an amulet of faith
Wands
 j - a wand of polymorph (6)
 u - a wand of warping (23)
 w - a wand of paralysis (17)
 O - a wand of flame (10)
 P - a wand of digging (6)
Scrolls
 e - 5 scrolls of teleportation
 f - 2 scrolls of fear
 g - 4 scrolls of noise
 n - 2 scrolls of blinking {unknown}
 o - 4 scrolls of fog {unknown}
 t - 2 scrolls of vulnerability {unknown}
 x - 4 scrolls of amnesia
 y - 3 scrolls of brand weapon {unknown}
 D - a scroll of poison
 G - 2 scrolls of enchant armour {unknown}
 S - 2 scrolls of immolation
 U - 2 scrolls of identify
Potions
 h - a potion of invisibility
 i - 4 potions of heal wounds
 k - 2 potions of attraction {unknown}
 s - a potion of enlightenment
 B - 5 potions of haste {unknown}
 C - 3 potions of lignification {unknown}
 E - 4 potions of mutation {unknown}
 H - 2 potions of degeneration {unknown}
 J - a potion of cancellation {unknown}
 K - 2 potions of might {unknown}
 Q - 4 potions of curing {unknown}


   Skills:
 + Level 10.7 Fighting
 + Level 13.6(14.6) Axes
 + Level 5.6(10.4) Maces & Flails
 + Level 7.0(11.2) Polearms
 + Level 4.4 Throwing
 + Level 8.7 Armour
 + Level 6.6 Dodging
 + Level 2.4 Stealth
 + Level 7.6 Shields


You had 11 spell levels left.
You didn't know any spells.
Your spell library contained the following spells:

 Spells                   Type           Power      Damage    Failure   Level
 Slow                     Hex            0%         N/A       65%         1
 Sting                    Conj/Alch      0%         1d3       65%         1
 Ensorcelled Hibernation  Hex/Ice        0%         N/A       80%         2
 Mercury Vapours          Alch/Air       0%         N/A       80%         2
 Confusing Touch          Hex            0%         N/A       95%         3
 Passwall                 Erth           0%         N/A       95%         3
 Swiftness                Air            0%         N/A       95%         3
 Vampiric Draining        Necr           0%         2d6       95%         3
 Olgreb's Toxic Radiance  Alch           0%         N/A       100%        4


Dungeon Overview and Level Annotations

Branches:
Dungeon (12/15)            Temple (1/1) D:6            Lair (0/5) D:11
    Orc (0/2) D:11

Altars:
Ashenzari
Cheibriados
Dithmenos
Elyvilon
Fedhas
Gozag
Hepliaklqana
Kikubaaqudgha
Makhleb
Nemelex Xobeh
Okawaru
Qazlal
Ru
Sif Muna
Trog
Uskayaw
Vehumet
Wu Jian
Xom
Yredelemnul
Zin
The Shining One
Beogh

Shops:
D:5 *   D:11 *

Annotations:
D:12 Azrael


Innate Abilities, Weirdness & Mutations

You have a pair of horns on your head.
You reflexively headbutt those who attack you in melee.


Message History

The hell hound breathes flames at you. The blast of flame hits you!
* * * LOW HITPOINT WARNING * * *
You block the hell hound's attack.
It was a potion of heal wounds.
You feel much better. The hell hound completely misses you.
The hell hound bites you!
* * * LOW HITPOINT WARNING * * *
You hit the hell hound.
The hell hound is moderately wounded.
You slash the hell hound!
You kill the hell hound!
Trog accepts your kill. The hell hound barely misses you.
You furiously retaliate!
You headbutt the hell hound!
As you read the scroll labelled EPSIS XUVVYECZO, it crumbles to dust.
It is a scroll of amnesia.
You feel forgetful for a moment. The hell hound barely misses you.
The fire elemental hits you. The fire elemental burns you!
* * * LOW HITPOINT WARNING * * *
The hell hound bites you but does no damage.
You feel much better. The fire elemental hits you.
The fire elemental burns you!
* * * LOW HITPOINT WARNING * * *
The hell hound breathes flames at you. The blast of flame hits you!
* * * LOW HITPOINT WARNING * * *
Azrael gestures at you.
The fireball explodes!
The fireball engulfs the hell hound.
The hell hound completely resists.
The fireball engulfs the fire elemental.
The fire elemental completely resists.
The fireball engulfs you.
* * * LOW HITPOINT WARNING * * *
The fireball engulfs the fire elemental.
The fire elemental completely resists.
The fireball engulfs Azrael.
Azrael completely resists.
The fire elemental hits you. The fire elemental burns you!
* * * LOW HITPOINT WARNING * * *
The hell hound breathes flames at you. The blast of flame hits you!
You die...

..# #.# #...# ...# .)#
#.# #...##...#
#...##.[.# .
.####...##...#
........##...##...
........##...##...
#.............##..#
......#####.......##..#
...... #.....@.##..#
..... #.....hE##..#
)..# #.....○E##R.# ...#
#......☼R°h○# ...#
#......###§.# ...#
#......# #☼.# ...#
#......# #○○# #..#
#......# #.○. .#
#......# #...E


You could see Azrael, 2 fire elementals and a hell hound (catching breath).

Vanquished Creatures
  2 boulder beetles
  3 two-headed ogres
  A deep elf pyromancer (D:12)
  A manticore (D:12)
  A gargoyle (D:12)
  Jeremiah (D:7)
  A kobold demonologist (D:11)
  Maggie (D:8)
  2 trolls
  Grinder (D:3)
  A polar bear (D:9)
  2 hornets
  5 slime creatures (D:12)
  3 wraiths
  2 fire elementals (D:12)
  2 vampires
  2 basilisks (D:12)
  10 yaks (D:9)
  A warg (D:11)
  11 vampire mosquitoes
  An acid dragon (D:11)
  The ghost of SageDae the Shooter, an amateur DEHu (D:3)
  A hell hound (D:12)
  5 ice beasts
  A water moccasin (D:7)
  3 orc warriors
  2 sky beasts
  2 black bears (D:6)
  9 centaurs
  An ogre (D:7)
  A wolf (D:9)
  2 phantoms (D:6)
  3 gnoll sergeants
  3 scorpions (D:5)
  13 killer bees
  11 howler monkeys
  2 electric eels
  2 bombardier beetles (D:5)
  8 orc priests
  6 hounds
  4 jellies
  Crazy Yiuf (D:7)
  2 gnoll boudas
  Terence (D:2)
  An iguana (D:6)
  2 sleepcaps (D:6)
  Natasha (twice) (D:4)
  8 orc wizards
  A centaur simulacrum (D:9)
  16 gnolls
  8 adders
  3 white imps
  5 dart slugs
  4 ribbon worms
  47 orcs
  10 ball pythons
  2 endoplasms
  5 giant cockroaches
  6 goblins
  11 hobgoblins
  8 jackals
  12 kobolds
  5 quokkas
  6 bats
  3 frilled lizards
  5 rats
308 creatures vanquished.

Vanquished Creatures (collateral kills)
  An orc (D:11)
1 creature vanquished.

Vanquished Creatures (others)
  A manticore (D:12)
  A kobold (D:11)
2 creatures vanquished.

Grand Total: 311 creatures vanquished

Notes
Turn   | Place    | Note
-------+----------+-------------------------------------------
     0 | D:1      | snetch the Minotaur Berserker began the quest for the Orb.
     0 | D:1      | Reached XP level 1. HP: 19/19 MP: 0/0
   148 | D:1      | Reached XP level 2. HP: 27/27 MP: 1/1
   153 | D:1      | Reached skill level 4 in Axes
   371 | D:2      | Reached ** piety under Trog
   407 | D:3      | Reached XP level 3. HP: 26/33 MP: 2/2
   525 | D:1      | Found a faded altar of an unknown god.
   883 | D:2      | Reached XP level 4. HP: 35/41 MP: 3/3
  1090 | D:2      | Noticed Terence
  1099 | D:2      | Killed Terence
  1100 | D:2      | Reached skill level 5 in Axes
  1681 | D:3      | Noticed Grinder
  1718 | D:3      | Killed Grinder
  1719 | D:3      | Reached skill level 5 in Fighting
  1719 | D:3      | Reached skill level 1 in Polearms
  1719 | D:3      | Reached XP level 5. HP: 33/48 MP: 4/4
  1719 | D:3      | Reached XP level 6. HP: 38/56 MP: 5/5
  2140 | D:3      | Found a runed translucent gate.
  2140 | D:3      | Found a runed translucent gate.
  2140 | D:3      | Found a runed translucent gate.
  2142 | D:3      | Noticed SageDae's ghost (amateur DEHu)
  2148 | D:3      | Found a roughly hewn altar of Beogh.
  2457 | D:5      | Entered Level 5 of the Dungeon
  2511 | D:4      | Reached skill level 6 in Axes
  2603 | D:3      | Reached *** piety under Trog
  2800 | D:3      | Killed SageDae's ghost
  2946 | D:4      | Noticed Natasha
  2951 | D:4      | Killed Natasha
  2952 | D:4      | Reached XP level 7. HP: 61/61 MP: 6/6
  3290 | D:4      | Noticed Natasha
  3295 | D:4      | Killed Natasha
  3592 | D:5      | Reached skill level 5 in Armour
  3779 | D:5      | Found Donwekez's General Store.
  3783 | D:5      | Bought a scroll of teleportation for 45 gold pieces
  3783 | D:5      | Bought a scroll of identify for 30 gold pieces
  4033 | D:5      | Reached **** piety under Trog
  4034 | D:5      | Reached skill level 7 in Axes
  4053 | D:5      | Reached XP level 8. HP: 62/71 MP: 7/7
  4176 | D:5      | Reached skill level 1 in Shields
  4318 | D:6      | Identified the orb "Ocvyonte" {*channel, +Inv rElec rPois
                  | Str-4}
  4549 | D:5      | Found an opulent altar of Gozag.
  4773 | D:6      | Found a shimmering blue altar of Sif Muna.
  4775 | D:6      | Found a sparkling altar of Nemelex Xobeh.
  4778 | D:6      | Reached skill level 8 in Axes
  4997 | D:6      | Reached skill level 1 in Throwing
  5006 | D:6      | Reached skill level 1 in Stealth
  5228 | D:6      | Found a staircase to the Ecumenical Temple.
  5237 | Temple   | Entered the Ecumenical Temple
  5267 | D:7      | Noticed a troll
  5267 | D:7      | Noticed Jeremiah
  5285 | D:6      | Reached skill level 9 in Axes
  5656 | D:6      | Killed a troll
  5657 | D:6      | Reached XP level 9. HP: 52/79 MP: 8/8
  5759 | D:7      | Killed Jeremiah
  5760 | D:7      | Reached skill level 10 in Axes
  5911 | D:7      | Found a sacrificial altar of Ru.
  5976 | D:7      | Identified the +1 cloak of Boro {Will+ SInv}
  6263 | D:7      | Reached skill level 11 in Axes
  6442 | D:7      | Found a runed translucent door.
  6447 | D:7      | Noticed Crazy Yiuf
  6455 | D:7      | Killed Crazy Yiuf
  6500 | D:7      | Reached skill level 1 in Maces & Flails
  6814 | D:8      | Reached ***** piety under Trog
  6995 | D:8      | Noticed Maggie
  7011 | D:8      | Killed Maggie
  7012 | D:8      | Reached XP level 10. HP: 48/90 MP: 9/9
  7257 | D:7      | Upgraded the game from 0.32-a0-841-g4648e6c457 to
                  | 0.32-a0-871-ge202e49faa
  7651 | D:8      | Noticed a two-headed ogre
  7660 | D:8      | Killed a two-headed ogre
  7956 | D:8      | Reached skill level 5 in Dodging
  8216 | D:9      | Reached skill level 12 in Axes
  8426 | D:9      | Noticed a two-headed ogre
  8432 | D:9      | Killed a two-headed ogre
  8608 | D:9      | Reached XP level 11. HP: 93/99 MP: 10/10
  8765 | D:10     | Entered Level 10 of the Dungeon
  8922 | D:9      | You fall into a shaft and drop 1 floor!
  9029 | D:10     | Reached skill level 5 in Polearms
  9294 | D:9      | Reached skill level 5 in Shields
 10119 | D:10     | Reached skill level 10 in Fighting
 10234 | D:10     | Noticed a boulder beetle
 10256 | D:10     | Killed a boulder beetle
 10366 | D:11     | Received a gift from Trog
 10372 | D:11     | Noticed a two-headed ogre
 10384 | D:11     | Killed a two-headed ogre
 10398 | D:11     | Noticed a boulder beetle
 10412 | D:11     | Reached skill level 5 in Maces & Flails
 10417 | D:11     | Killed a boulder beetle
 10418 | D:11     | Reached skill level 13 in Axes
 10428 | D:11     | Found a staircase to the Orcish Mines.
 10618 | D:11     | Found Veoto's General Store.
 10632 | D:11     | Bought a scroll of identify for 28 gold pieces
 10632 | D:11     | Bought a scroll of immolation for 56 gold pieces
 10915 | D:11     | Found a staircase to the Lair.
 11080 | D:12     | Noticed a deep elf pyromancer
 11094 | D:12     | Killed a deep elf pyromancer
 11523 | D:12     | Reached XP level 12. HP: 57/108 MP: 11/11
 11681 | D:12     | Noticed Azrael
 11696 | D:12     | HP: 4/108 [fire elemental[Azrael] (6)]
 11697 | D:12     | Killed from afar by a hell hound

Illustrated notes

Levels and vault maps discovered:
D:1:      sevenhm_arrival_forest_fort_large_2, layout_loops_cross,
          ebering_ecumenical_altar_petrified
D:2:      layout_basic, minivault_4, uniq_terence
D:3:      layout_loops_corners, biasface_ghost_orc_armoury,
          hangedman_decor_growths, uniq_grinder
D:4:      cheibrodos_barr_body, layout_gridville, uniq_natasha
D:5:      layout_loops_corners, grunt_gozag_statues, serial_shops, shop,
          dreamdust_princess_bridge
D:6:      layout_loops_ring, nicolae_overflow_squiral, minmay_temple_entry_wispy
D:7:      layout_basic, nicolae_ru_path_of_blood, kb_lookout_dungeons_type,
          uniq_crazy_yiuf_cottage, uniq_jeremiah
D:8:      layout_cave_pods, uniq_maggie
D:9:      layout_grid_maze, serial_ice, serial_ice_k, serial_ice_h,
          serial_ice_d, serial_ice_o
D:10:     layout_loops_ring, serial_library_hellmonk_hallway_a
D:11:     layout_cave_pools, dpeg_oklobed_lair, erik_orc_4, serial_shops,
          nicolae_shop_tiny_real_fake_doors
D:12:     layout_long_grid, uniq_azrael
Temple:   regret_index_temple_mists

Skill      XL: |  1  2  3  4  5  6  7  8  9 10 11 12 |
---------------+-------------------------------------+-----
Axes           | 4 5 6 7 9 11 12 13 | 13.6
Fighting       | 4 5 6 7 8 9 10 | 10.7
Polearms       | 1 3 4 6 7 |  7.0
Armour         | 3 4 5 6 7 8 |  8.7
Dodging        | 3 4 5 6 |  6.6
Shields        | 2 3 4 6 7 |  7.6
Throwing       | 1 2 3 4 |  4.4
Stealth        | 1 2 |  2.4
Maces & Flails | 2 4 5 |  5.6

Action                     |  1- 3 |  4- 6 |  7- 9 | 10-12 || total
---------------------------+-------+-------+-------+-------++-------
  Melee: Hand axe          |   104 |    14 |       |       ||   118
         Headbutt          |    15 |    16 |    49 |    56 ||   136
         Trident           |       |    96 |       |   118 ||   214
         Broad axe         |       |     2 |   210 |   112 ||   324
         Whip              |       |       |    62 |   128 ||   190
         Morningstar       |       |       |       |     4 ||     4
  Throw: Stone             |     4 |     4 |     1 |       ||     9
         Boomerang         |       |     1 |       |     4 ||     5
         Dart              |       |       |    13 |    31 ||    44
 Invoke: Berserk           |       |     2 |       |     1 ||     3
         Trog's Hand       |       |     1 |       |     4 ||     5
         Brothers in Arms  |       |       |       |     3 ||     3
    Use: Scroll            |       |       |     3 |     4 ||     7
         Potion            |       |       |       |     2 ||     2
   Stab: Distracted        |       |       |       |     1 ||     1
 Armour: Animal skin       |    24 |       |       |       ||    24
         Leather armour    |    30 |       |       |       ||    30
         Chain mail        |    14 |    70 |       |       ||    84
         Ring mail         |       |     2 |   171 |    32 ||   205
         Swamp dragon scal |       |       |       |   183 ||   183
  Dodge: Dodged            |    64 |    28 |   127 |   165 ||   384
  Block: Buckler           |       |     7 |    49 |   160 ||   216
         Reflection        |       |       |     4 |     9 ||    13

Table legend: (Time is in decaauts)
 A = Elapsed time spent in this place.
 B = Non-inter-level travel time spent in this place.
 C = Inter-level travel time spent in this place.
 D = Time resting spent in this place.
 E = Time spent auto-exploring this place.
 F = Levels seen in this place.
 G = Mean time per level.
                   A        B        C        D        E       F      G
               +--------+--------+--------+--------+--------+-----+--------+
         Total |  11734 |  10998 |    736 |     12 |   7487 |  13 |  902.6 |
       Dungeon |  11713 |  10977 |    736 |     12 |   7487 |  12 |  976.1 |
        Temple |     20 |     20 |      0 |      0 |      0 |   1 |   20.0 |
               +--------+--------+--------+--------+--------+-----+--------+

Top non-repeatable levels by time:
     D:9: 1618 daAuts
     D:3: 1245 daAuts
     D:7: 1240 daAuts
     D:6: 1150 daAuts
     D:5: 1101 daAuts
     D:8: 1068 daAuts
     D:1: 785 daAuts
    D:11: 779 daAuts
     D:2: 772 daAuts
     D:4: 766 daAuts
    D:10: 714 daAuts
    D:12: 472 daAuts
  Temple: 20 daAuts
